[Event "Early-Titled-Tuesday-Blitz-May-14-2024"]
[Site "Chess.com"]
[Date "2024.05.14"]
[Round "3"]
[White "OparinGrigoriy"]
[Black "Sadykov_Ramil"]
[Result "1-0"]
[WhiteElo "2978"]
[BlackElo "2610"]
[TimeControl "180+1"]
[EndTime "8:30:14 PDT"]
[Termination "OparinGrigoriy won by resignation"]

1. c4 e6 2. Nc3 d5 3. d4 Nf6 4. cxd5 exd5 5. Bg5 Be7 6. e3 O-O 7. Bd3 Re8 8. Qc2 h6 9. Bh4 c5 10. Nge2 Nc6 11. O-O cxd4 12. Nxd4 Nxd4 13. exd4 Be6 14.
Qb3 Ne4 15. Bxe7 Rxe7 16. Rfe1 Nxc3 17. Qxc3 Rc8 18. Qb4 Rec7 19. Qd2 Qf6 20. Re5 Rc6 21. Rae1 Qd8 22. Bb1 Qc7 23. Qd3 g6 24. Qd2 Rc1 25. h4 Rxe1+ 26. Rxe1 Kg7 27. g3 Qd6 28. a3 b6 29. Bd3 Qd8 30. Rc1 Rxc1+ 31. Qxc1 Qc8 32. Qe3 Qc7 33. Kg2 Qe7 34. f3 g5 35. Qe5+ Qf6 36.
Kf2 gxh4 37. gxh4 Qxe5 38. dxe5 f6 39. f4 d4 40. Be4 f5 41. Bc6 Kg6 42. Be8+ Kg7 43.
Ke2 Bc4+ 44. Kd2 a5 45. Bh5 Bb5 46. Be2 Bc6 47. Bd3 Be4 48. Bc4 Kf8 49. b4 axb4 50.
axb4 Ke7 51. Kc1 Kd7 52. Kb2 Kc6 53. Kb3 Kc7 54. Be6 Kc6 55. Kc4 Kc7 56. Kxd4 Kc6 57.
Bc4 Kd7 58. Bd3 Ke6 59. Bxe4 1-0

[Event "Early-Titled-Tuesday-Blitz-May-14-2024"]
[Site "Chess.com"]
[Date "2024.05.14"]
[Round "3"]
[White "Zhigalko_Sergei"]
[Black "aloe_normansen"]
[Result "0-1"]
[WhiteElo "2845"]
[BlackElo "2563"]
[TimeControl "180+1"]
[EndTime "8:30:14 PDT"]
[Termination "aloe_normansen won on time"]

1. e4 c5 2. Nf3 d6 3. d4 cxd4 4. Qxd4 Nf6 5. Nc3 a6 6. Bc4 Nc6 7. Qd3 g6 8. Bg5 Bg7 9. O-O-O O-O 10. Bb3 Nd7 11. Qe3 b5 12. h4 h5 13. Kb1 Bb7 14. g4 hxg4 15. h5 Nc5 16. Bh6 Nxb3 17. Bxg7 Kxg7 18.
hxg6 Rh8 19. gxf7 e5 20. Rxh8 Qxh8 21. Qg5+ Kxf7 22. Rxd6 Qh1+ 23. Nd1 Qxf3 24. Qg6+ Ke7 25. Re6+ Kd7 26. Rd6+ Kc7 27. axb3 Rd8 28. Rxd8 Nxd8 29.
Nc3 b4 30. Nd5+ Bxd5 31. exd5 Qxd5 32. Qxg4 Nc6 33. Ka2 Qa5+ 34. Kb1 Qd5 35. Ka2 Nd4 36. Qg7+ Kb6 37. Qf6+ Nc6 38. f3 Qd1 39. Qf5 a5 40.
Qe4 Qd4 41. Qf5 Qc5 42. Qe4 Nd4 43. Kb1 Qc6 44. Qxe5 Qxc2+ 45. Ka1 Nxb3+ 46. Ka2 Nc1+ 47. Ka1 Nb3+ 48. Ka2 Nc5 49. Qf6+ Kb5 50. Qf7 Qa4+ 51. Kb1 Qd1+ 52. Ka2 b3+ 53. Qxb3+ Qxb3+ 54. Ka1 Nd3 0-1

[Event "Early-Titled-Tuesday-Blitz-May-14-2024"]
[Site "Chess.com"]
[Date "2024.05.14"]
[Round "3"]
[White "elcala"]
[Black "DarZay"]
[Result "1-0"]
[WhiteElo "1879"]
[BlackElo "2324"]
[TimeControl "180+1"]
[EndTime "8:30:14 PDT"]
[Termination "elcala won by checkmate"]

1. d4 d5 2. Nf3 Nf6 3. Bf4 Bf5 4. e3 e6 5. Bd3 Bxd3 6. Qxd3 c6 7. a3 Qb6 8. b4 Be7 9. c4 dxc4 10. Qxc4 O-O 11. O-O Nd5 12. Bg3 Nd7 13. Nc3 N7f6 14. Nxd5 cxd5 15. Qd3 Ne4 16. Nd2 Nxg3 17. hxg3 a5 18. bxa5 Qxa5 19. Rfb1 Rfb8 20. Rb5 Qa4 21. Rab1 Ra7 22.
Qb3 Qxb3 23. R1xb3 Bxa3 24. Nb1 Bd6 25. Nc3 f5 26.
Rb6 Ra6 27. Rxb7 Rxb7 28. Rxb7 h6 29. Nb5 Bf8 30. Nc7 Rc6 31. Nb5 Rc1+ 32. Kh2 Rc2 33. Kg1 Bb4 34. Nc7 Be1 35. Nxe6 Bxf2+ 36. Kf1 Bxe3 37.
Rxg7+ Kh8 38. Rf7 Rf2+ 39. Ke1 Rxg2 40. Rxf5 Rxg3 41. Rxd5 Rg2 42. Rh5 Kh7 43. d5 Kg6 44. Rh3 Bb6 45. Nf4+ Kg5 46. Nxg2 h5 47. Rd3 Kg4 48.
d6 Bd8 49. d7 h4 50. Ne3+ Kg3 51. Kf1 h3 52. Nf5+ Kh2 53. Rd2+ Kh1 54. Ng3# 1-0

[Event "Early-Titled-Tuesday-Blitz-May-14-2024"]
[Site "Chess.com"]
[Date "2024.05.14"]
[Round "3"]
[White "bazar-wokzal"]
[Black "jasrom"]
[Result "1-0"]
[WhiteElo "2618"]
[BlackElo "2345"]
[TimeControl "180+1"]
[EndTime "8:30:15 PDT"]
[Termination "bazar-wokzal won on time"]

1. e4 e6 2. d4 d5 3. e5 c5 4. c3 Nc6 5. Nf3 Bd7 6. a3 Nge7 7. Bd3 cxd4 8. cxd4 Qb6 9. Bc2 Nf5 10. Bxf5 exf5 11. Nc3 Be6 12. O-O Be7 13. Na4 Qb5 14. Bg5 Bf8 15. Rc1 b6 16. b4 h6 17. Be3 Nd8 18. Rc7 Be7 19. Qc2 Bd7 20. Nc3 Qa6 21. Nxd5 Ne6 22.
Rc3 Bd8 23. Nf4 Nxf4 24. Bxf4 Qb7 25. Rd1 Qd5 26. Nd2 g5 27. Be3 f4 28. Ne4 fxe3 29.
Nd6+ Kf8 30. fxe3 h5 31. Rf1 Be6 32. Qd2 h4 33. e4 Qa2 34. Rc2 Qb3 35. d5 h3 36.
dxe6 hxg2 37. Rxf7+ Kg8 38. e7 Bxe7 39. Rxe7 Rh5 40.
Rcc7 Qh3 41. Rg7+ Kh8 42. Nf7+ Kxg7 43. Nxg5+ 1-0

[Event "Early-Titled-Tuesday-Blitz-May-14-2024"]
[Site "Chess.com"]
[Date "2024.05.14"]
[Round "3"]
[White "ZeZacarias"]
[Black "Kombinator01"]
[Result "1-0"]
[WhiteElo "2035"]
[BlackElo "2360"]
[TimeControl "180+1"]
[EndTime "8:30:15 PDT"]
[Termination "ZeZacarias won by resignation"]

1. d4 Nf6 2. c4 g6 3. Nc3 d6 4. e4 Bg7 5. Nf3 O-O 6. h3 e5 7.
d5 a5 8. Be3 Na6 9. g4 h6 10.
Be2 Nxe4 11. Nxe4 f5 12. gxf5 gxf5 13. Nc3 e4 14. Nd4 f4 15. Bc1 Nc5 16. Ne6 Bxe6 17.
dxe6 Qh4 18. Qd5 Rae8 19. Nxe4 Nxe6 20. Bg4 Qe7 21. Rg1 f3 22. Bxe6+ Qxe6 23. Bxh6 Qxd5 24. Rxg7+ Kh8 25. cxd5 Rxe4+ 26. Kf1 Rf6 27. Rg3 Rxh6 28. Rxf3 Re7 29. Rc1 Rh5 30. Rd1 Kg7 31. Rd4 Kg6 32.
Rg4+ Rg5 33. Rd4 Ree5 34. Rc3 Re7 35. h4 Rf5 36. f4 Kh5 37. Rh3 Ref7 38. Ke2 Rxf4 39.
Rxf4 Rxf4 40. Rc3 Rf7 41. Rc4 b5 42. Rd4 Rf5 43. a4 b4 44. Kd3 Rf2 45. b3 Rh2 46. Kc4 Rh3 47. Kb5 Rxb3 48. Kxa5 Rc3 49. Kxb4 Rc1 50. a5 c5+ 51. dxc6 Rxc6 52. Kb5 Rc5+ 53. Kb6 Rc1 54. Ra4 Rb1+ 55. Kc6 1-0

[Event "Early-Titled-Tuesday-Blitz-May-14-2024"]
[Site "Chess.com"]
[Date "2024.05.14"]
[Round "3"]
[White "TimGrutter03"]
[Black "Szparu"]
[Result "0-1"]
[WhiteElo "2566"]
[BlackElo "2863"]
[TimeControl "180+1"]
[EndTime "8:30:17 PDT"]
[Termination "Szparu won by resignation"]

1. e4 c5 2. Nf3 a6 3. a4 Nc6 4. Nc3 Nf6 5. e5 Ng4 6. Qe2 f6 7. exf6 Nxf6 8. g3 g6 9. Bg2 Bg7 10. O-O O-O 11. d3 d6 12. Bg5 Bf5 13. Rfe1 Qd7 14. Rad1 Bg4 15. Qe3 Rf7 16. Bxf6 Bxf6 17. Nd5 Raf8 18. c3 Bg7 19. Ng5 Rxf2 20. Rd2 Rxd2 21.
Qxd2 Bh6 22. h4 e5 23. Ne3 Bxg5 24. hxg5 Be6 25. Bd5 Ne7 26. Qg2 Nxd5 27. Nxd5 Bxd5 28. Qxd5+ Qf7 29. Qxf7+ Kxf7 30. d4 Ke6 31. dxe5 dxe5 32. Kg2 Rf5 33. Rh1 Rf7 34. Re1 Rd7 35. g4 Rd2+ 36. Kf3 Rxb2 37. Rh1 Rb3 38. Rxh7 Rxc3+ 39. Kf2 Rc4 40. Rxb7 Rxg4 41. Rb6+ Kf5 42. Rxa6 Kxg5 43. Rc6 Rxa4 44. Rxc5 Kf4 45. Rc8 Ra2+ 46. Kf1 g5 47. Rf8+ Ke3 48. Rf5 e4 49. Rxg5 Ra1+ 50. Kg2 Ke2 51.
Rb5 Ra2 52. Kg1 Rc2 53. Re5 e3 54. Ra5 Rb2 55. Ra3 Kd2 56. Ra8 Rb1+ 57. Kg2 e2 58. Rd8+ Kc3 59. Rc8+ Kd4 60. Rd8+ Kc5 61. Rc8+ Kd6 62.
Rd8+ Kc7 63. Re8 e1=Q 0-1

[Event "Early-Titled-Tuesday-Blitz-May-14-2024"]
[Site "Chess.com"]
[Date "2024.05.14"]
[Round "3"]
[White "omer1997"]
[Black "Eagle_2019"]
[Result "0-1"]
[WhiteElo "2534"]
[BlackElo "2856"]
[TimeControl "180+1"]
[EndTime "8:30:19 PDT"]
[Termination "Eagle_2019 won by resignation"]

1. e4 c5 2. Nf3 Nc6 3. d4 cxd4 4. Nxd4 Nf6 5. Nc3 e5 6. Ndb5 d6 7. Bg5 a6 8. Na3 b5 9. Nd5 Be7 10. Bxf6 Bxf6 11. c4 Bg5 12. cxb5 Nd4 13. b6 O-O 14. Nc2 Be6 15. Nxd4 Bxd5 16. exd5 exd4 17. Qxd4 Bf6 18. Qd2 Rb8 19. Be2 Rxb6 20. Rb1 a5 21. O-O Rb4 22. b3 Re8 23. Bc4 Rb7 24. Rfe1 Rxe1+ 25. Rxe1 g6 26. g3 h5 27. h4 Qb6 28. Qh6 Rb8 29. Qe3 Qb4 30. Kg2 Kg7 31. Re2 a4 32.
Qe4 Rc8 33. Qd3 a3 34. Re3 Rc7 35. Rf3 Qe1 36. Re3 Qa1 37. Re2 Rb7 38. Qf3 Be5 39. Qd3 Bb2 40. b4 Rxb4 41. Re7 Bf6 42. Rd7 Qe1 43.
Bb3 Rd4 44. Qf3 Rd2 45. Rb7 Rb2 46. Rd7 Rb1 47. Kh3 Qf1+ 48. Qg2 Qxg2+ 49. Kxg2 Rxb3 50. axb3 a2 51. Ra7 a1=Q 52. Rxa1 Bxa1 53. b4 Kf6 54. b5 Ke5 55. f4+ Kxd5 0-1

[Event "Early-Titled-Tuesday-Blitz-May-14-2024"]
[Site "Chess.com"]
[Date "2024.05.14"]
[Round "3"]
[White "Incognizance"]
[Black "Good_Knight_Kiss"]
[Result "0-1"]
[WhiteElo "1987"]
[BlackElo "2359"]
[TimeControl "180+1"]
[EndTime "8:30:19 PDT"]
[Termination "Good_Knight_Kiss won on time"]

1. d4 Nf6 2. c4 g6 3. Nc3 Bg7 4. e4 d6 5. h3 O-O 6. Be3 Na6 7. g4 e5 8. d5 Nc5 9. f3 a5 10. Nge2 Nfd7 11. Ng3 a4 12. Be2 Nb6 13. Qd2 Qh4 14. Bf2 Bh6 15. Qc2 Qe7 16. O-O Bf4 17. Kg2 Kh8 18. Bd3 f5 19. Nce2 fxe4 20. Nxe4 Nxe4 21. Bxe4 Nd7 22. Nxf4 Rxf4 23. Be3 Rf8 24. b3 Nc5 25. b4 Nxe4 26. fxe4 Bd7 27. a3 h5 28. Kg3 Rxf1 29. Rxf1 Rf8 30. Rxf8+ Qxf8 31.
Qf2 Qe7 32. Qe2 Qf7 33. Qf2 Qe7 34. Qe2 h4+ 35. Kg2 Qf6 36. Qf2 Kg7 37. Qxf6+ Kxf6 38. Kf3 c6 39. Ke2 cxd5 40. cxd5 Bb5+ 41. Kf3 Bf1 42. Bf2 g5 43. Bb6 Ke7 44. Bf2 Bxh3 45. Bg1 Bf1 46.
Bh2 Bd3 47. Bg1 Bc2 48. Bb6 Bd1+ 49. Kg2 Bxg4 50. Be3 Kf6 51. Kh2 Bf3 52. Kh3 Bxe4 53. Kg4 Bf5+ 54. Kf3 g4+ 55. Kg2 Be4+ 56. Kg1 Bxd5 0-1

[Event "Early-Titled-Tuesday-Blitz-May-14-2024"]
[Site "Chess.com"]
[Date "2024.05.14"]
[Round "3"]
[White "bennyficial"]
[Black "GMAneta"]
[Result "0-1"]
[WhiteElo "2143"]
[BlackElo "2560"]
[TimeControl "180+1"]
[EndTime "8:30:21 PDT"]
[Termination "GMAneta won by resignation"]

1. Nf3 Nf6 2. c4 g6 3. b3 Bg7 4. Bb2 O-O 5. g3 d6 6. d4 c5 7. Bg2 Nc6 8. d5 Na5 9. O-O a6 10. Nbd2 b5 11. Qc2 Rb8 12. cxb5 axb5 13. e4 Ba6 14. Rfe1 Qc7 15. b4 Nc4 16. Nxc4 bxc4 17. b5 Bxb5 18. Bc3 Qa7 19. a4 Ba6 20. Red1 Rb3 21. e5 Nd7 22. Rab1 Rfb8 23. Ba1 Nxe5 24. Nxe5 Bxe5 25. Bxe5 dxe5 26. Bf1 Qb6 27. Ra1 Rb2 28.
Qc3 Qf6 29. Rd2 Rxd2 30. Qxd2 e4 31. Rc1 Rb2 32. Qe3 Qd4 33. Qxd4 cxd4 34. Bxc4 Bxc4 35. Rxc4 d3 36. Rd4 d2 37. Kg2 f5 38. a5 Kf7 39. a6 Kf6 40. a7 Ra2 41. Rxd2 Rxa7 42. h4 Ke5 43. h5 Rd7 44. hxg6 hxg6 45. Rd1 Rxd5 46. Rh1 Rd2 47. Rh6 Kf6 48. Kf1 e5 49.
Rh8 Ra2 50. Rf8+ Kg5 51. Re8 Kg4 52. Rxe5 Kf3 53. Ke1 Rxf2 54. Re6 Re2+ 55. Kf1 Rf2+ 56. Ke1 Rg2 57. Rxg6 Rxg3 58. Rf6 f4 59. Rf5 e3 60. Kf1 e2+ 0-1

[Event "Early-Titled-Tuesday-Blitz-May-14-2024"]
[Site "Chess.com"]
[Date "2024.05.14"]
[Round "3"]
[White "GambitGiesbergen"]
[Black "xakevicius91"]
[Result "0-1"]
[WhiteElo "2307"]
[BlackElo "2499"]
[TimeControl "180+1"]
[EndTime "8:30:22 PDT"]
[Termination "xakevicius91 won by resignation"]

1. d4 Nf6 2. c4 e6 3. Nf3 b6 4. g4 Nxg4 5. Rg1 Nf6 6. Nc3 Bb7 7. d5 d6 8. e4 Nbd7 9. Nd4 exd5 10.
exd5 g6 11. Bg5 Bg7 12. Qd2 O-O 13. O-O-O a6 14. h4 b5 15. h5 bxc4 16. Bxc4 Ne5 17.
Be2 c5 18. dxc6 Nxc6 19. Nf5 Bh8 20. Nh6+ Kg7 21. Nf5+ Kg8 22. Nd5 Nxd5 23. Bxd8 Nxd8 24. h6 Be5 25. Kb1 Ne6 26. Bf3 Nef4 27. Bxd5 Nxd5 28. f4 Nxf4 29. Ne7+ Kh8 30. Rgf1 Ne6 31. Nd5 Rab8 32. b3 f5 33. Qa5 Nc5 34. Rfe1 Ne4 35. Qc7 Rfc8 36.
Qf7 Rf8 37. Qe6 Ba8 38. Kc1 Rbc8+ 39. Kb1 Bxd5 40. Rxd5 Nc3+ 41. Kc2 Nxd5+ 42. Kd2 Nf4 43. Qd7 Rcd8 44. Qa7 Ne6 45. Kc1 Rc8+ 46. Kd2 f4 47. Qe7 Rce8 48. Qd7 f3 49. Rf1 f2 50. Ke2 Nd4+ 51. Kd3 g5 52. Ke4 g4 53. Kd5 g3 54.
Qh3 Nf5 55. Qg4 g2 56. Qxg2 Ne3+ 57. Ke4 Nxg2 58. Rh1 f1=Q 0-1

[Event "Early-Titled-Tuesday-Blitz-May-14-2024"]
[Site "Chess.com"]
[Date "2024.05.14"]
[Round "3"]
[White "David_ATM"]
[Black "Bilan_Danila"]
[Result "0-1"]
[WhiteElo "2452"]
[BlackElo "2661"]
[TimeControl "180+1"]
[EndTime "8:30:25 PDT"]
[Termination "Bilan_Danila won on time"]

1. e4 c6 2. d4 d5 3. Nc3 b5 4.
exd5 b4 5. Nce2 cxd5 6. Nf3 Nf6 7. Ng3 e6 8. Ne5 Bd6 9. Bd3 Ba6 10. O-O Bxd3 11.
cxd3 Nbd7 12. Qa4 O-O 13. Bf4 Nb6 14. Qb3 a5 15. Rfc1 a4 16. Qd1 Qe7 17. b3 axb3 18. axb3 Ra3 19. Rc6 Bxe5 20. Bxe5 Qb7 21. Rc7 Qa6 22.
Rxa3 bxa3 23. Bxf6 gxf6 24. Qg4+ Kh8 25. Qf4 Qxd3 26.
Qxf6+ Kg8 27. Qg5+ Qg6 28. Qxg6+ hxg6 29. Rc1 Ra8 30. Ra1 a2 31. Kf1 Ra3 32. Ke2 Nc8 33.
Kd2 Nd6 34. Kc2 Nb5 35. Ne2 Ra7 36. Kb2 Rc7 37. Rxa2 Kg7 38. Ra1 Nd6 39. Rc1 Rb7 40.
Rc6 Ne4 41. f3 Nd2 42. Rc3 Nf1 43. h3 f5 44. Ka3 f4 45. b4 g5 46. Ka4 Ne3 47.
b5 Nxg2 48. Ka5 Ne3 49. b6 Nc4+ 50. Kb5 Rxb6+ 51. Kc5 Rb2 52. Nc1 Rh2 53. Nd3 Rxh3 54.
Nb4 g4 0-1

[Event "Early-Titled-Tuesday-Blitz-May-14-2024"]
[Site "Chess.com"]
[Date "2024.05.14"]
[Round "3"]
[White "GeorgiosSouleidis"]
[Black "alexrustemov"]
[Result "0-1"]
[WhiteElo "2686"]
[BlackElo "2942"]
[TimeControl "180+1"]
[EndTime "8:30:26 PDT"]
[Termination "alexrustemov won by resignation"]

1. e4 e6 2. d4 d5 3. Nc3 dxe4 4. Nxe4 Bd7 5. Nf3 Bc6 6. Bd3 Nd7 7. Bf4 Ngf6 8. Nxf6+ Nxf6 9. O-O Bxf3 10. Qxf3 c6 11. Be5 Bd6 12. Rad1 Bxe5 13. dxe5 Nd7 14. Qg3 Qc7 15. f4 g6 16. c3 O-O-O 17. Qe3 Qb6 18. Qxb6 axb6 19. Bc2 b5 20. Rf2 Nb6 21. Rxd8+ Rxd8 22. Bb3 Kc7 23. g4 Nd7 24. Kg2 h6 25. Kg3 Rg8 26.
h4 h5 27. Bc2 Kd8 28. Rd2 Ke7 29. Be4 hxg4 30. Kxg4 Rh8 31. Bf3 Nb6 32. b3 Ra8 33. Kg5 Rh8 34. Kg4 Nd5 35. Bxd5 exd5 36. Rh2 Rh5 37.
Rh3 Ke6 38. Rd3 c5 39. Rd1 Rh8 40. Rd2 Rd8 41. Kg5 d4 42. cxd4 Rxd4 43. Rc2 b6 44.
Rf2 Rd1 45. Kg4 Rg1+ 46. Kf3 Kf5 47. Rd2 Rf1+ 48. Kg3 Rxf4 49. Rd6 Kxe5 50. Rxb6 Rb4 51. Rc6 Kd5 52. Rc7 f5 53. Rd7+ Ke5 54. Rg7 Rg4+ 55. Kh3 c4 56. bxc4 bxc4 57. Rc7 Kd4 58. a4 Rg1 59. a5 Ra1 60. Rc6 c3 61. Rxg6 c2 62.
Rc6 c1=Q 63. Rxc1 Rxc1 64. a6 Ke5 65. Kg3 Rc3+ 0-1

[Event "Early-Titled-Tuesday-Blitz-May-14-2024"]
[Site "Chess.com"]
[Date "2024.05.14"]
[Round "3"]
[White "simaopdias"]
[Black "DishonorOnYourCow"]
[Result "0-1"]
[WhiteElo "2277"]
[BlackElo "2513"]
[TimeControl "180+1"]
[EndTime "8:30:26 PDT"]
[Termination "DishonorOnYourCow won on time"]

1. e4 c5 2. Nf3 d6 3. d4 cxd4 4. Nxd4 Nf6 5. Nc3 a6 6. Bg5 Nbd7 7. Qf3 h6 8. Bxf6 Nxf6 9. h3 e5 10. Nf5 g6 11. Ne3 Be6 12. Bc4 Bxc4 13. Nxc4 b5 14.
Ne3 Bg7 15. O-O O-O 16. Rfd1 Qc7 17. Rd2 Rfd8 18. Rad1 h5 19. a3 Ne8 20. Ncd5 Qb7 21.
g4 hxg4 22. Nxg4 Rac8 23. c3 Rc4 24. Qe3 f5 25. exf5 gxf5 26. Nh6+ Bxh6 27. Qxh6 Qg7+ 28. Qxg7+ Nxg7 29. Ne3 Rc6 30. Rd5 Kf7 31. Rxe5 dxe5 32. Rxd8 f4 33. Ng4 Ke7 34. Ra8 Ke6 35. f3 Rd6 36.
Ra7 Nf5 37. Nf2 Rd2 38. Rxa6+ Ke7 39. Ng4 Ng3 40. h4 Rxb2 41. h5 Rb1+ 42. Kg2 Rb2+ 43. Kh3 Nxh5 44. Nxe5 Ng3 45. Kg4 Ne2 46. Rb6 Nxc3 47.
Kxf4 Nd5+ 48. Ke4 Nxb6 49. f4 Nc4 50. Nc6+ Kd6 51. Nd4 Rb1 52. Kd3 Nxa3 0-1

[Event "Early-Titled-Tuesday-Blitz-May-14-2024"]
[Site "Chess.com"]
[Date "2024.05.14"]
[Round "3"]
[White "hakanazeri2"]
[Black "jraosam"]
[Result "1-0"]
[WhiteElo "2558"]
[BlackElo "2053"]
[TimeControl "180+1"]
[EndTime "8:30:28 PDT"]
[Termination "hakanazeri2 won by resignation"]

1. c4 e5 2. Nc3 Nc6 3. g3 g6 4.
Bg2 Bg7 5. e3 Nge7 6. Nge2 O-O 7. O-O d6 8. d4 f5 9. Rb1 a5 10.
a3 h6 11. b4 Qd7 12. b5 Nd8 13. c5 e4 14. Qb3+ d5 15. Nf4 c6 16. Na4 Rb8 17. Nb6 Qc7 18. bxc6 bxc6 19. Bd2 g5 20. Nh5 Qa7 21. Nxg7 Kxg7 22. Nxc8 Rxc8 23. Qb6 Qxb6 24. Rxb6 f4 25. exf4 gxf4 26. Bxf4 Ne6 27. Bd6 Rf7 28. Bh3 Nf5 29. Be5+ Kg6 30. Rfb1 Ng5 31. Bxf5+ Rxf5 32. Kg2 Nf3 33. g4 Rg5 34. h3 Nxe5 35. dxe5 Rxe5 36. f4 exf3+ 37. Kxf3 Rf8+ 38. Kg2 Re2+ 39. Kg3 Re3+ 40.
Kh4 Rf6 41. Ra6 Rxa3 42. Rbb6 Rff3 43. Rxc6+ Kg7 44. Rc7+ Rf7 45. Rxf7+ Kxf7 46. Rxh6 Rc3 47. c6 d4 48. Rd6 d3 49. c7 Ke7 50. Rxd3 Rxc7 51.
Kg5 Rc5+ 52. Kg6 Rc6+ 53. Kg7 Rc4 54. g5 Rh4 55. g6 a4 56. Re3+ Kd6 57. Kf7 Rf4+ 58.
Kg8 a3 59. Rxa3 Ke6 60. g7 Kf6 61. Ra6+ Kg5 62. Re6 Rh4 63. Kf7 Rf4+ 64. Ke8 1-0

[Event "Early-Titled-Tuesday-Blitz-May-14-2024"]
[Site "Chess.com"]
[Date "2024.05.14"]
[Round "3"]
[White "sterpfi"]
[Black "malakismayil"]
[Result "1/2-1/2"]
[WhiteElo "2333"]
[BlackElo "2524"]
[TimeControl "180+1"]
[EndTime "8:30:29 PDT"]
[Termination "Game drawn - insufficient material"]

1. e4 e5 2. Nf3 Nc6 3. Nc3 Nf6 4. d4 exd4 5. Nxd4 Bc5 6. Be3 Bb6 7. Qd2 d6 8. O-O-O O-O 9. f3 Re8 10. g4 Ne5 11. Be2 Be6 12. g5 Nfd7 13. Nxe6 Rxe6 14.
f4 Nc6 15. f5 Bxe3 16. Qxe3 Re5 17. Bc4 Nb6 18. Bb3 Na5 19. g6 Nxb3+ 20. axb3 fxg6 21.
fxg6 h6 22. Rhf1 Qg5 23. Qxg5 Rxg5 24. Rf7 Rc8 25. Rdf1 Rxg6 26. Re7 Rf6 27. Rxf6 gxf6 28.
Nd5 Nxd5 29. exd5 f5 30. Kd2 a5 31. Ke3 b5 32. Kf4 c6 33. dxc6 Rxc6 34. c3 b4 35.
cxb4 axb4 36. Kxf5 Rc2 37. Re6 Kg7 38. Rxd6 Rxb2 39.
Rd7+ Kf8 40. Rb7 Rxb3 41. Rb6 Kg7 42. Rb7+ Kg8 43. Rb6 h5 44. Kg5 Rb2 45. h4 b3 46.
Kxh5 Rb1 47. Kh6 b2 48. h5 Kf7 49. Kh7 Rh1 50. Rb7+ Kf6 51. Rxb2 Rxh5+ 52. Kg8 Rg5+ 53. Kf8 Rd5 54. Ke8 Ke6 55. Re2+ Kd6 56. Kf7 Ra5 57.
Kf6 Ra1 58. Rd2+ Kc5 59. Ke6 Re1+ 60. Kf5 Kc4 61. Rc2+ Kd3 62. Rc8 Rf1+ 63. Ke5 Re1+ 64. Kd5 Ke3 65. Re8+ Kd2 66. Rxe1 Kxe1 1/2-1/2

[Event "Early-Titled-Tuesday-Blitz-May-14-2024"]
[Site "Chess.com"]
[Date "2024.05.14"]
[Round "3"]
[White "wonderfultime"]
[Black "GMG"]
[Result "1-0"]
[WhiteElo "3062"]
[BlackElo "2772"]
[TimeControl "180+1"]
[EndTime "8:30:30 PDT"]
[Termination "wonderfultime won on time"]

1. d4 Nf6 2. Nf3 e6 3. Bf4 c5 4. c3 Nc6 5. e3 Nh5 6. Bg3 Nxg3 7. hxg3 Qb6 8. Qc2 g6 9. Nbd2 d5 10. Bd3 Bg7 11. O-O O-O 12. dxc5 Qxc5 13. e4 Rd8 14. Rad1 dxe4 15. Bxe4 Bd7 16. Nb3 Qb6 17. Qc1 Be8 18. Qf4 Rxd1 19. Rxd1 Rd8 20. Rxd8 Qxd8 21. Qc1 e5 22. g4 b6 23. g5 Ne7 24. c4 Nf5 25. c5 bxc5 26. Qxc5 Qd1+ 27. Kh2 Nd6 28. Nbd2 Nxe4 29. Nxe4 Qd8 30. Nxe5 h6 31. gxh6 Bxh6 32. g3 Bg7 33. b4 a6 34. Nd6 Qe7 35. Nxe8 Qxe8 36.
Nf3 Qe6 37. a4 Bf8 38. Qd4 Qc6 39. b5 Qxf3 40. bxa6 Qa8 41. a7 Kh7 42. Qh4+ Bh6 43. Qd4 Qf3 44. a5 Bg7 45. Qh4+ Bh6 46. Qd4 Bg7 47. Qf4 Qb7 48. Qe3 Bf8 49. Qb6 Qa8 50. Qd4 Qf3 51. Kg1 Bg7 52. Qd8 1-0

[Event "Early-Titled-Tuesday-Blitz-May-14-2024"]
[Site "Chess.com"]
[Date "2024.05.14"]
[Round "3"]
[White "Malikova777"]
[Black "HandKnit"]
[Result "1-0"]
[WhiteElo "2334"]
[BlackElo "2488"]
[TimeControl "180+1"]
[EndTime "8:30:32 PDT"]
[Termination "Malikova777 won on time"]

1. d4 Nf6 2. c4 e6 3. Nc3 Bb4 4. Qc2 c5 5. dxc5 Qc7 6. a3 Bxc5 7. Nf3 a6 8. g3 b6 9. Bg2 Bb7 10. O-O O-O 11. Bf4 Bd6 12. Bxd6 Qxd6 13. Rfd1 Qc7 14.
b3 d6 15. Rac1 Rd8 16. Qd3 Qe7 17. e4 Nc6 18. Qe2 Rac8 19. Na4 Qc7 20. Rc2 Na5 21.
Nd2 b5 22. Nb2 Qb6 23. b4 Nxc4 24. Nbxc4 bxc4 25. Nxc4 Qb5 26. Nxd6 Qxe2 27. Rxe2 Rc3 28. Red2 Bc6 29. e5 Nd5 30. Rd3 Rc2 31. Be4 Ra2 32.
Rc1 Ba4 33. Bxd5 exd5 34. Rxd5 Rxa3 35. Kg2 Kf8 36. Rc7 Bb3 37. Rd3 Rb8 38. Rxf7+ Bxf7 39. Rxa3 Bd5+ 40. f3 Rxb4 41. Rxa6 Rb2+ 42. Kh3 Bxf3 43. Nf5 g6 44. Nh4 Be2 45. Ra8+ Ke7 46. Ra7+ Ke6 47. Rxh7 Bf1+ 48. Kg4 Kxe5 49. Nxg6+ Kf6 50. Nf4 Rb4 51.
Rh6+ Kg7 52. Rg6+ Kf7 53. Rg5 Be2+ 54. Kh4 Bd1 55. h3 Bf3 56. Re5 Bd1 57. Re3 Kg7 58.
Kg5 Rb5+ 59. Kh4 Rb4 60. Re5 Kf6 61. Rd5 Kg7 62. Rxd1 1-0

[Event "Early-Titled-Tuesday-Blitz-May-14-2024"]
[Site "Chess.com"]
[Date "2024.05.14"]
[Round "3"]
[White "becemix"]
[Black "bubeliang"]
[Result "1-0"]
[WhiteElo "2607"]
[BlackElo "2842"]
[TimeControl "180+1"]
[EndTime "8:30:33 PDT"]
[Termination "becemix won by checkmate"]

1. e4 a5 2. d4 Ra6 3. Bxa6 Nxa6 4. Nc3 b6 5. Bg5 Bb7 6. Nge2 g6 7. Qd2 Bg7 8. O-O Qa8 9. f3 h6 10. Be3 Nf6 11.
a3 Qc8 12. e5 Ng8 13. f4 e6 14. d5 Ne7 15. d6 cxd6 16. Qxd6 Nf5 17. Qxb6 Bf8 18. Kh1 Qa8 19. Rf2 Be7 20. Nb5 O-O 21.
Nd6 Bxd6 22. exd6 Rc8 23. Ng3 Nh4 24. Rg1 Rc6 25. Qa7 Qxa7 26. Bxa7 Rxd6 27. h3 Rc6 28. Kh2 d5 29. Bd4 Nc7 30. Bf6 Nf5 31. Nxf5 exf5 32.
Be5 Ne6 33. Rd1 Rc4 34. b3 Re4 35. Rdd2 Re1 36. Rfe2 Rb1 37. c4 dxc4 38. bxc4 g5 39.
fxg5 hxg5 40. Bd6 Be4 41. c5 Rc1 42. Rb2 Nxc5 43. Rb8+ Kh7 44. Rc8 Nd3 45. Rxc1 Nxc1 46. Rb2 Nd3 47. Rb5 a4 48. Ra5 Nb2 49. Bb4 Bb1 50.
Ra7 Kg6 51. Bc3 Nd1 52. Bd4 Bc2 53. Rd7 Bb3 54. Rd6+ Kh7 55. h4 gxh4 56. Kh3 Kg8 57. Kxh4 Kf8 58. Bf6 Kg8 59. Rd8+ Kh7 60. Kg5 Nf2 61.
Rh8# 1-0

[Event "Early-Titled-Tuesday-Blitz-May-14-2024"]
[Site "Chess.com"]
[Date "2024.05.14"]
[Round "3"]
[White "Sofia_Blokhin"]
[Black "xasid81"]
[Result "0-1"]
[WhiteElo "2266"]
[BlackElo "2594"]
[TimeControl "180+1"]
[EndTime "8:30:33 PDT"]
[Termination "xasid81 won by resignation"]

1. d4 c6 2. c4 d5 3. Nc3 Nf6 4. e3 e6 5. Nf3 Nbd7 6. Bd3 Bd6 7. cxd5 exd5 8. O-O O-O 9. Qc2 Re8 10. b3 Nf8 11. Bb2 Ng6 12. h3 Bd7 13. Rfe1 Qc8 14.
Ng5 Nf8 15. f4 h6 16. Nf3 Qd8 17. Ne5 Rc8 18. Qe2 Qa5 19. a3 Qd8 20. b4 a6 21. Qf3 Ra8 22. g4 N6h7 23. Qg3 f6 24.
Ng6 Nxg6 25. Bxg6 Re7 26. Qg2 Nf8 27. Bc2 Be8 28. Rad1 Bg6 29. f5 Bf7 30. e4 dxe4 31. Nxe4 Bd5 32. Qf1 Qc7 33. Nxd6 Qxd6 34. Qf2 Rae8 35.
Rxe7 Qxe7 36. Bc1 Nh7 37. Bf4 Ng5 38. Kh2 Qe2 39. Rf1 Qc4 40. Bd1 Qd3 41. Bxg5 hxg5 42. h4 gxh4 43. Bc2 Qc4 44. Bd1 Kf8 45. Re1 Rxe1 46. Qxe1 Qxd4 47. Bc2 Qe5+ 48. Qxe5 fxe5 49. Kh3 g5 50. fxg6 e4 51. Kxh4 e3 52. Kg3 Kg7 53.
Bd3 b5 54. Kf4 e2 55. Bxe2 Kxg6 56. Ke5 Kg5 57. Kd6 Kf4 58. Kc5 Ke3 59. Bd1 Kd2 60. g5 Kxd1 61. g6 Kc2 62. g7 Kb3 63. g8=Q Bxg8 64. Kxc6 Kxa3 65. Kb6 Kxb4 66. Kxa6 Kc4 0-1

[Event "Early-Titled-Tuesday-Blitz-May-14-2024"]
[Site "Chess.com"]
[Date "2024.05.14"]
[Round "3"]
[White "maximnovik"]
[Black "NewBornNow"]
[Result "1-0"]
[WhiteElo "2533"]
[BlackElo "2737"]
[TimeControl "180+1"]
[EndTime "8:30:34 PDT"]
[Termination "maximnovik won by checkmate"]

1. e4 c5 2. Nf3 d6 3. c3 Nf6 4. h3 g6 5. Bd3 Bg7 6. O-O O-O 7. Bc2 e5 8. d4 cxd4 9. cxd4 Nc6 10. d5 Nb4 11. Bb3 a5 12. Nc3 Ne8 13. a3 Na6 14. Be3 f5 15. Ng5 f4 16. Ne6 Bxe6 17.
dxe6 Kh8 18. Nd5 Qg5 19. e7 Rf7 20. Bb6 f3 21. g3 Rc8 22. Rc1 Rc6 23. Kh2 Bf6 24. Be3 Qh5 25. g4 Qh4 26. Qxf3 Kg7 27. Qg2 Bxe7 28. Nxe7 Rxe7 29. Bd5 Rcc7 30. g5 Nc5 31. b4 Nd3 32. Rxc7 Rxc7 33. Qf3 Nf4 34. Bxf4 exf4 35. bxa5 Qxg5 36. Rb1 Nf6 37. Bxb7 Qxa5 38.
Qxf4 Qxa3 39. e5 dxe5 40. Qxe5 Re7 41. Qd4 Qa2 42. Rb6 Re6 43. Rxe6 Qxe6 44. Bf3 Qf5 45. Kg2 Qg5+ 46. Kh2 Qf5 47. Kg2 h5 48. h4 Kh6 49.
Kg3 Kg7 50. Bg2 Qe6 51. f4 Qe1+ 52. Kh3 Qe2 53. Qe5 Qg4+ 54. Kh2 Qxh4+ 55. Kg1 Qg4 56.
Qe7+ Kh6 57. Qxf6 Qf5 58. Qh8# 1-0